 Dungeon Crawl Stone Soup version 0.31.0-11-ge490571c62 (webtiles) character file.

Game seed: 2442814123336393377

104 qw the Shooter (level 4, -1/23 HPs)
             Began as a Spriggan Hunter on Feb 4, 2024.
             Slain by Eustachio
             ... wielding a +0 falchion
              (10 damage)
             ... on level 4 of the Dungeon.
             The game lasted 00:00:08 (2865 turns).

qw the Shooter (Spriggan Hunter)                    Turns: 2865, Time: 00:00:09

Health: -1/23      AC:  4    Str:  7    XL:     4   Next: 52%
Magic:  5/5        EV: 20    Int: 10    God:
Gold:   280        SH:  5    Dex: 20    Spells: 3/3 levels left

rFire   . . .        a - +0 shortbow
rCold   + . .        (shield currently unavailable)
rNeg    . . .        c - +0 robe
rPois   .            j - +2 hat
rElec   .            d - scarf "Modede" {repulsion, rC+}
rCorr   .            (gloves unavailable)
SInv    +            (boots unavailable)
Will    .....        b - amulet of reflection
Stlth   ++           (no ring)
HPRegen 0.23/turn    (no ring)
MPRegen 0.09/turn

%: repel missiles, reflection
@: hasted, very quick
A: very small, no large weapons, unfitting armour, see invisible, speed 3
a: no special abilities


You were on level 4 of the Dungeon.
You visited 1 branch of the dungeon, and saw 4 of its levels.

You collected 280 gold pieces.


Innate Abilities, Weirdness & Mutations

You are very small and have problems with some larger weapons.
You are too small for most types of armour.
You have supernaturally acute eyesight. (SInv)
You cover ground extremely quickly. (Speed+++)


   Skills:
 + Level 1.6 Fighting
 - Level 5.0 Ranged Weapons
 - Level 5.0 Dodging
 - Level 1.5 Stealth


You had 3 spell levels left.
You didn't know any spells.
Your spell library was empty.

Inventory:

Hand Weapons
 a - a +0 shortbow (weapon)
Armour
 c - a +0 robe (worn)
 d - the scarf "Modede" (worn) {repulsion, rC+}
   (You found it on level 2 of the Dungeon)

   rC+:       It protects you from cold.
 j - a +2 hat (worn)
Jewellery
 b - an amulet of reflection (around neck)
Potions
 h - a potion of curing

Dungeon Overview and Level Annotations

Branches:
Dungeon (4/15)
 Temple: D:4-7

Altars:
The Shining One

Annotations:
D:3 3 runed translucent doors, qw's ghost, amateur DEHu
D:4 Eustachio


Message History

There is a stone staircase leading up here.
Waypoint 3 assigned to D:4.
You see here an orb of guile.
There is a stone staircase leading up here.
Eustachio the Magnificent comes into view.
He is wielding a +0 falchion.
2851 ||| DRINKING potion of haste.
You feel yourself speed up.
You shoot an arrow. The arrow hits Eustachio!
Eustachio is moderately wounded.
You shoot an arrow. The arrow hits Eustachio.
Eustachio is moderately wounded.
You shoot an arrow. The arrow hits Eustachio.
Eustachio is moderately wounded.
You shoot an arrow. The arrow closely misses Eustachio.
You shoot an arrow. The arrow hits Eustachio.
Eustachio is moderately wounded.
Eustachio mumbles some strange words.
You shoot an arrow. The arrow hits Eustachio!
Eustachio is heavily wounded.
You shoot an arrow. The arrow hits the ufetubus.
The ufetubus is severely wounded.
The shadow imp gestures at you. Pain shoots through your body!
The ufetubus misses you. The ufetubus closely misses you.
You shoot an arrow. The arrow hits the ufetubus!
You kill the ufetubus!
The ufetubus disappears in a puff of smoke!
You shoot an arrow. The arrow hits Eustachio.
Eustachio is severely wounded.
Eustachio misses you. The shadow imp misses you.
You shoot an arrow. The arrow misses Eustachio.
You block Eustachio's attack.
You shoot an arrow. The arrow closely misses Eustachio.
The shadow imp barely misses you.
You shoot an arrow. The arrow barely misses Eustachio.
Eustachio hits you with a +0 falchion! The shadow imp misses you.
You shoot an arrow. The arrow hits Eustachio.
Eustachio is severely wounded.
Eustachio hits you with a +0 falchion!
You die...
Eustachio twirls his moustache.

.......##.#....
......#.#....#
#...........)#...
.........[.......
#................
#..........#.....
#......<####.....
##.......#.......
.......#@@.......
.......#5........
................
#...............
.#.###......####
#. ........
#.##...... ##
#.....##


You could see Eustachio and a shadow imp (summoned).

Vanquished Creatures
  An orc wizard (D:3)
  An adder (D:3)
  3 ribbon worms
  4 orcs (D:3)
  5 endoplasms
  5 giant cockroaches
  4 goblins
  3 hobgoblins
  6 kobolds
  4 quokkas
  4 ball pythons
  8 bats
  3 frilled lizards
  5 rats
56 creatures vanquished.

Notes
Turn   | Place    | Note
-------+----------+-------------------------------------------
     0 | D:1      | qw the Spriggan Hunter began the quest for the Orb.
     0 | D:1      | Reached XP level 1. HP: 10/10 MP: 2/2
     0 | D:1      | 0 ||| qw: Version: 0.3-a-160-g6735b56
     0 | D:1      | 0 ||| qw: Game counter: 4388
     0 | D:1      | 0 ||| qw: Melee chars always use a shield: true
     0 | D:1      | 0 ||| qw: God list: Okawaru
     0 | D:1      | 0 ||| qw: Allow faded altars: false
     0 | D:1      | 0 ||| qw: Do Orc after clearing Dungeon:15 true
     0 | D:1      | 0 ||| qw: Do second Lair branch before Depths: true
     0 | D:1      | 0 ||| qw: Lair rune preference: random
     0 | D:1      | 0 ||| qw: Goals: Normal
     0 | D:1      | 0 ||| PLANNING D:1-11
   287 | D:1      | Reached skill level 3 in Dodging
   359 | D:1      | Reached XP level 2. HP: 14/14 MP: 3/3
   909 | D:1      | 909 ||| DROPPING ring of magical power.
   910 | D:1      | 910 ||| READING scroll labelled RAOPNYDOTO.
  1011 | D:1      | 1011 ||| DRINKING 2 smoky yellow potions.
  1115 | D:1      | 1115 ||| DRINKING 2 silvery potions.
  1116 | D:1      | 1116 ||| DROPPING scroll of butterflies.
  1117 | D:1      | 1117 ||| DROPPING potion of berserk rage.
  1118 | D:1      | 1118 ||| DROPPING potion of brilliance.
  1214 | D:2      | Identified the scarf "Modede" {repulsion, rC+}
  1300 | D:2      | Reached XP level 3. HP: 18/18 MP: 4/4
  1885 | D:2      | 1885 ||| UPGRADING to scarf "Modede" {repulsion, rC+}.
  1890 | D:2      | 1890 ||| UPGRADING to amulet of reflection.
  1895 | D:2      | 1895 ||| READING 2 scrolls labelled LIYJEN KOECSI.
  1895 | D:2      | 1895 ||| IDENTIFYING smoky brown potion
  1896 | D:2      | 1896 ||| READING scroll of identify.
  1896 | D:2      | 1896 ||| IDENTIFYING murky dark potion
  1897 | D:2      | 1897 ||| DRINKING 2 cyan potions.
  1898 | D:2      | 1898 ||| DROPPING potion of magic.
  1913 | D:3      | 1913 ||| STAIRDANCE
  1917 | D:3      | 1917 ||| STAIRDANCE
  2166 | D:3      | Found a glowing golden altar of the Shining One.
  2291 | D:3      | Reached XP level 4. HP: 22/22 MP: 5/5
  2294 | D:3      | Found a runed translucent gate.
  2294 | D:3      | Found a runed translucent gate.
  2294 | D:3      | Found a runed translucent gate.
  2369 | D:3      | HP: 5/22 [orc/+0 flail (7)]
  2370 | D:3      | 2370 ||| DRINKING potion of heal wounds.
  2781 | D:3      | Noticed qw's ghost (amateur DEHu)
  2787 | D:3      | 2787 ||| UPGRADING to +2 hat.
  2792 | D:3      | 2792 ||| READING scroll of identify.
  2792 | D:3      | 2792 ||| IDENTIFYING clear potion
  2793 | D:3      | 2793 ||| READING scroll labelled GAT DEIPITIWUMAYM.
  2793 | D:3      | 2793 ||| ENCHANTING +0 shortbow.
  2794 | D:3      | 2794 ||| READING 2 scrolls labelled NUENKISIQI.
  2795 | D:3      | 2795 ||| DROPPING scroll of noise.
  2850 | D:4      | Noticed Eustachio
  2851 | D:4      | 2851 ||| DRINKING potion of haste.
  2865 | D:4      | Slain by Eustachio

Levels and vault maps discovered:
D:1:      kennysheep_arrival_forest, layout_loops_corners, minmay_fountain_box
D:2:      layout_basic, lightli_corner_chamber
D:3:      minmay_angry_zag, layout_loops_ring,
          mainiacjoe_overflow_surrounded_room, ebering_ghost_rock_garden,
          minmay_crystal_water, minmay_box_of_dots
D:4:      layout_cave_pools, general_overflow_altar, uniq_eustachio

Skill      XL: |  1  2  3  4 |
---------------+-------------+-----
Dodging        | 3 4 5 |  5.0
Ranged Weapons | 5 |  5.0
Fighting       | |  1.6
Stealth        | |  1.5

Action                     |  1- 3 |  4- 6 || total
---------------------------+-------+-------++-------
   Fire: Shortbow          |   116 |    46 ||   162
    Use: Potion            |     3 |     2 ||     5
         Scroll            |     3 |     3 ||     6
 Armour: Robe              |     4 |    16 ||    20
  Dodge: Dodged            |    21 |    22 ||    43
  Block: Other             |     3 |    14 ||    17
         Reflection        |     1 |       ||     1

Table legend:
 A = Non-vault XP
 B = Vault XP
 C = Vault XP percentage of total XP
 D = Non-vault monster count
 E = Vault monster count
 F = Vault count percentage of total count
                 A         B        C        D         E       F
            +---------+---------+-------+---------+---------+-------
      Total |     144 |       5 |   3.4 |      53 |       3 |   5.4
            +---------+---------+-------+---------+---------+-------
        D:1 |      23 |       0 |   0.0 |      14 |       0 |   0.0
        D:2 |      43 |       0 |   0.0 |      24 |       0 |   0.0
        D:3 |      78 |       5 |   6.0 |      15 |       3 |  16.7
            +---------+---------+-------+---------+---------+-------
